 Dungeon Crawl Stone Soup version 0.28-a0-589-g333b8329f1 (webtiles) character file.

Game seed: 7247829007555588437

2853 blank1 the Nimble (level 10, 0/73 HPs)
             Began as a Djinni Gladiator on Oct 3, 2021.
             Slain by a gnoll (9 damage)
             ... on level 7 of the Dungeon.
             The game lasted 00:31:54 (10961 turns).

blank1 the Nimble (Djinni Gladiator)               Turns: 10961, Time: 00:31:55

Health: 0/73       AC:  4    Str: 13    XL:     10   Next: 4%
Gold:   912        EV: 20    Int: 11    God:
                   SH:  5    Dex: 17

rFire   + . .      SeeInvis .   D - +2 scimitar (protect)
rCold   . . .      Faith    .   f - +0 buckler
rNeg    . . .      Spirit   .   b - +0 leather armour
rPois   ∞          Reflect  .   o - +1 helmet
rElec   .          Harm     .   i - scarf {shadows}
rCorr   .          Rampage  .   (no gloves)
Will    +....                   (boots unavailable)
Stlth   ++........              (no amulet)
HPRegen 0.22/turn               l - +4 ring of evasion
MPRegen 0.00/turn               B - ring of ice

@: corroded, under a protective aura, flying
A: sickness immunity, fire resistance 2, cold vulnerability 1, float, innate
caster, hp casting, extra vitality 1
a: no special abilities


You were on level 7 of the Dungeon.
You visited 2 branches of the dungeon, and saw 8 of its levels.

You collected 1624 gold pieces.
You spent 712 gold pieces at shops.

Inventory:

Hand Weapons
 D - a +2 scimitar of protection (weapon)
Missiles
 d - 4 throwing nets (quivered)
Armour
 b - a +0 leather armour (worn)
 f - a +0 buckler (worn)
 i - a scarf of shadows (worn)
 o - a +1 helmet (worn)
 u - a +0 cloak
Jewellery
 e - a ring of willpower
 g - an amulet of faith
 l - a +4 ring of evasion (left hand)
 B - a ring of ice (right hand)
Wands
 m - a wand of polymorph (2)
 p - a wand of iceblast (15)
 s - a wand of paralysis (11)
Scrolls
 a - a scroll of fog
 c - a scroll of enchant armour
 h - a scroll of holy word
 j - 2 scrolls of blinking
 n - a scroll of identify
 r - 2 scrolls of teleportation
 y - a scroll of enchant weapon {unknown}
 A - a scroll of brand weapon
 C - a scroll of magic mapping
Potions
 k - a potion of lignification {unknown}
 q - 5 potions of heal wounds {unknown}
 t - a potion of berserk rage {unknown}
 v - a potion of curing
 w - a potion of invisibility {unknown}
 x - a potion of haste {unknown}
 z - a potion of might
 E - 2 potions of resistance {unknown}


   Skills:
 + Level 6.9 Fighting
 - Level 1.6(3.0) Short Blades
 - Level 3.7(4.0) Long Blades
 - Level 2.8 Throwing
 - Level 3.0 Armour
 - Level 8.0 Dodging
 - Level 1.0 Stealth
 - Level 4.0 Shields
 + Level 3.9 Spellcasting
 - Level 1.0 Evocations


You had 7 spell levels left.
You knew the following spells:

 Your Spells              Type           Power      Damage    Failure   Level
a - Pain                  Necr           40%        1d6       6%          1
b - Static Discharge      Conj/Air       10%        N/A       9%          2
c - Mephitic Cloud        Conj/Pois/Air  10%        N/A       19%         3
d - Ozocubu's Armour      Ice            16%        N/A       19%         3
Your spell library was empty.

Dungeon Overview and Level Annotations

Branches:
Dungeon (7/15)             Temple (1/1) D:6

Altars:
Ashenzari
Cheibriados
Elyvilon
Fedhas
Hepliaklqana
Kikubaaqudgha
Nemelex Xobeh
Qazlal
Ru
Sif Muna
Uskayaw
Xom
The Shining One

Shops:
D:3 ((   D:6 *

Annotations:
D:3 3 runed translucent doors, MikuNakano's ghost, amateur OgFE


Innate Abilities, Weirdness & Mutations

You are immune to sickness and miasma.
You are immune to poison.
Your flesh is very heat resistant. (rF++)
You are vulnerable to cold. (rC-)
You float through the air rather than walking.
You learn spells naturally, not from books.
Your magical power is your life essence.
You have superior vitality. (+4 HP)


Message History

The acid dragon closely misses you. The acid dragon claws you.
* * * LOW HITPOINT WARNING * * *
The gnoll is engulfed in noxious fumes.
The gnoll appears confused.
The acid dragon closely misses you.
The acid dragon claws you but does no damage.
You hit the acid dragon.
The acid dragon is severely wounded.
You block the acid dragon's attack. x2
You feel better. The acid dragon closely misses you. x2
Unknown command.
You hit the acid dragon but do no damage.
The acid dragon is severely wounded.
You block the acid dragon's attack. The acid dragon completely misses you.
The gnoll closely misses you.
The gnoll hits the gnoll with a +0 whip.
You hit the acid dragon but do no damage.
The acid dragon is severely wounded.
The acid dragon closely misses you. The acid dragon completely misses you.
You block the gnoll's attack. The gnoll barely misses you.
The gnoll hits the gnoll with a +0 whip!
Casting: Mephitic Cloud (dangerous; 19% risk of failure)
Confirm with . or Enter, or press ? or * to list all spells.
Aiming: Mephitic Cloud (dangerous; 19% risk of failure)
Press: ? - help, Shift-Dir - straight line, f/p - gnoll
Aim: a gnoll, wielding a +0 whip (severely wounded, confused, chance to affect: 91%)
The ball explodes into a vile cloud!
The stinking cloud engulfs the gnoll but does no damage.
The gnoll is almost dead.
The stinking cloud engulfs the gnoll but does no damage.
The gnoll is severely wounded.
The stinking cloud engulfs the gnoll but does no damage.
The stinking cloud engulfs the acid dragon but does no damage.
The acid dragon is severely wounded.
The stinking cloud engulfs you but does no damage.
* * * LOW HITPOINT WARNING * * *
You hear a loud, deep croak!
The acid dragon closely misses you. The acid dragon misses you.
The gnoll is engulfed in noxious fumes.
The gnoll appears confused.
The gnoll hits you with a +0 flail!
You die...

* **,,,,,, * **,,,,,≈≈ *
*,,,,≈≈≈≈ * **,,,≈≈≈** *
*,,,≈≈≈≈*, # ##########*,,,≈≈≈≈*,
######## #.........,,,≈≈≈≈≈*,
#.....(# #.).......,*,******,
#......# ##☼D@......,,,,,,,,,,
#......### #.ggg.#....,,,******,
.........# ##.☼.§.#....,,,≈≈≈≈≈*,
†......#.###..........,,,,,≈≈≈≈*,
......................,,,,,≈≈≈≈*,
.......#.##..)........,,,,,,≈≈≈**
..........#........$..,,,,,,,≈≈≈≈
.........(............,,,,,,,,,≈≈
##....................,,,,,***,,,


You could see an acid dragon and 3 gnolls.

Vanquished Creatures
  Pikel (D:7)
  A hornet (D:7)
  Sigmund (D:2)
  Edmund (D:5)
  A water moccasin (D:3)
  A sky beast (D:4)
  An ogre (D:5)
  A black bear (D:6)
  2 centaurs
  4 lemures (D:7)
  A phantom (D:6)
  2 kobold brigands (D:6)
  A gnoll sergeant (D:6)
  5 scorpions
  4 jellies
  A bullfrog zombie (D:5)
  2 hounds (D:5)
  2 gnoll shamans
  2 centaur skeletons
  3 iguanas
  An orc wizard (D:3)
  Robin (D:2)
  8 adders
  17 gnolls
  A howler monkey skeleton (D:5)
  2 shadow imps
  An ufetubus (D:5)
  A worm (D:2)
  3 dart slugs
  8 orcs
  10 endoplasms
  6 giant cockroaches
  11 goblins
  8 hobgoblins
  7 kobolds
  2 quokkas (D:1)
  5 ball pythons
  2 frilled lizards
  3 rats
134 creatures vanquished.

Vanquished Creatures (others)
  9 plants
  7 toadstools (D:6)
16 creatures vanquished.

Grand Total: 150 creatures vanquished

Notes
Turn   | Place    | Note
-------+----------+-------------------------------------------
     0 | D:1      | blank1 the Djinni Gladiator began the quest for the Orb.
     0 | D:1      | Reached XP level 1. HP: 18/18 MP: 0/0
   124 | D:1      | Reached XP level 2. HP: 18/23 MP: 0/0
   639 | D:1      | Found a faded altar of an unknown god.
  1070 | D:2      | Noticed Sigmund
  1082 | D:2      | Killed Sigmund
  1083 | D:2      | Reached skill level 4 in Dodging
  1083 | D:2      | Reached skill level 1 in Spellcasting
  1083 | D:2      | Reached XP level 3. HP: 16/30 MP: 0/0
  1083 | D:2      | Learned a level 1 spell: Pain
  1083 | D:2      | Reached XP level 4. HP: 19/35 MP: 0/0
  1083 | D:2      | Reached XP level 5. HP: 21/40 MP: 0/0
  1083 | D:2      | Learned a level 2 spell: Static Discharge
  1096 | D:2      | Reached XP level 6. HP: 19/46 MP: 0/0
  1646 | D:2      | Noticed Robin
  2303 | D:2      | Killed Robin
  3058 | D:3      | Found a transporter.
  3088 | D:3      | Reached skill level 1 in Armour
  3249 | D:3      | Found a transporter.
  3250 | D:3      | Found Gonettahid's Antique Weapon Shop.
  3505 | D:3      | Found a runed translucent gate.
  3505 | D:3      | Found a runed translucent gate.
  3505 | D:3      | Found a runed translucent gate.
  3506 | D:3      | Noticed MikuNakano's ghost (amateur OgFE)
  3550 | D:3      | Noticed a water moccasin
  3568 | D:3      | Killed a water moccasin
  3569 | D:3      | Reached skill level 5 in Dodging
  3569 | D:3      | Reached XP level 7. HP: 19/52 MP: 0/0
  3569 | D:3      | Learned a level 3 spell: Mephitic Cloud
  3786 | D:3      | Found a stormy altar of Qazlal.
  4136 | D:3      | Found Cot Tiaxt's Weapon Shoppe.
  4935 | D:4      | Reached skill level 1 in Short Blades
  4935 | D:4      | Reached skill level 1 in Evocations
  5564 | D:5      | Entered Level 5 of the Dungeon
  6041 | D:4      | Reached skill level 1 in Stealth
  6041 | D:4      | Reached XP level 8. HP: 13/58 MP: 0/0
  6542 | D:5      | Reached skill level 5 in Fighting
  7372 | D:5      | Found a blossoming altar of Fedhas.
  7424 | D:5      | Noticed Edmund
  7448 | D:5      | HP: 2/59 [Edmund (2)]
  7449 | D:5      | Killed Edmund
  7450 | D:5      | Reached skill level 6 in Dodging
  7844 | D:5      | Found a sparkling altar of Nemelex Xobeh.
  8322 | D:3      | Bought a glowing scimitar for 133 gold pieces
  8448 | D:6      | Noticed a red ugly thing
  8520 | D:6      | Found Kugas's Assorted Antiques.
  8529 | D:6      | Reached XP level 9. HP: 61/65 MP: 0/0
  8529 | D:6      | Learned a level 3 spell: Ozocubu's Armour
  8544 | D:6      | Reached skill level 7 in Dodging
  9221 | D:6      | Bought an embroidered scarf for 208 gold pieces
  9321 | D:6      | Found a staircase to the Ecumenical Temple.
  9329 | Temple   | Entered the Ecumenical Temple
  9873 | D:6      | Identified a scroll of acquirement
  9873 | D:6      | Acquired 1219 gold pieces
  9915 | D:6      | Bought a scroll labelled AGRAAM ZIUDET for 26 gold pieces
  9915 | D:6      | Bought a scroll labelled DOLLAX DOFUEXTA for 26 gold pieces
  9915 | D:6      | Bought an emerald potion for 23 gold pieces
  9915 | D:6      | Bought a puce potion for 23 gold pieces
  9915 | D:6      | Bought a potion of curing for 78 gold pieces
  9915 | D:6      | Bought a scroll of blinking for 195 gold pieces
 10086 | D:6      | Found a hide-covered altar of Uskayaw.
 10095 | D:6      | Found a shimmering altar of Xom.
 10155 | D:6      | Reached skill level 8 in Dodging
 10155 | D:6      | Reached skill level 1 in Shields
 10392 | D:6      | Noticed a slime creature
 10413 | D:6      | Noticed a slime creature
 10777 | D:7      | Noticed a hornet
 10858 | D:7      | Killed a hornet
 10920 | D:7      | Noticed Pikel
 10948 | D:7      | Killed Pikel
 10949 | D:7      | Reached XP level 10. HP: 21/73 MP: 0/0
 10956 | D:7      | HP: 1/73 [acid dragon (3)]
 10961 | D:7      | Slain by a gnoll

Illustrated notes

Levels and vault maps discovered:
D:1:      dpeg_arrival_water_temple_mockup, layout_basic,
          ebering_ecumenical_altar_sacrificial, minmay_misc_feat_square,
          hangedman_abyss_or_decor_lesser_grid
D:2:      minmay_alternating_diamond, layout_basic, uniq_robin, uniq_sigmund
D:3:      gammafunk_wand_slinger, layout_basic, ebering_ghost_rock_garden,
          serial_shops, shop, shop, kennysheep_flooded_box
D:4:      layout_basic
D:5:      layout_layer_cave, fedhas_altar_fruit_tree,
          nemelex_diamond_rough_becter, minmay_misc_feat_columns,
          serial_bayou_crossing, uniq_edmund
D:6:      cheibrodos_fertilizer, layout_basic, mainiacjoe_overflow_swirl,
          minmay_temple_entry_mini_moons, serial_shops, nicolae_square_shop,
          st_stairs_11
D:7:      layout_rooms, nicolae_yredelemnul_ghost_church,
          mainiacjoe_overflow_brackets, chequers_ossuary_entry_cave,
          grunt_decor_junction, uniq_menkaure, uniq_pikel, uniq_joseph,
          uniq_crazy_yiuf_cottage
Temple:   jpeg_temple_island

Skill      XL: |  1  2  3  4  5  6  7  8  9 |
---------------+----------------------------+-----
Fighting       | 3 4 5 6 |  6.9
Long Blades    | 3 |  3.7
Throwing       | 2 |  2.8
Dodging        | 4 5 6 8 |  8.0
Spellcasting   | 1 2 3 |  3.9
Armour         | 1 2 3 |  3.0
Short Blades   | 1 |  1.6
Evocations     | 1 |  1.0
Stealth        | 1 |  1.0
Shields        | 4 |  4.0

Action                   |  1- 3 |  4- 6 |  7- 9 | 10-12 || total
-------------------------+-------+-------+-------+-------++-------
Melee: Long sword        |    54 |   143 |   199 |       ||   396
       Scimitar          |       |       |   124 |     8 ||   132
 Cast: Pain              |       |    26 |    12 |       ||    38
       Static Discharge  |       |     4 |       |       ||     4
       Mephitic Cloud    |       |       |    23 |     2 ||    25
       Ozocubu's Armour  |       |       |     1 |       ||     1
  Use: Potion            |     1 |       |       |     3 ||     4
       Scroll            |       |     1 |    16 |       ||    17
 Stab: Sleeping          |       |     1 |     1 |       ||     2
       Confused          |       |       |    21 |       ||    21
Armor: Leather armour    |    17 |    31 |    75 |     4 ||   127
Dodge: Dodged            |    34 |   156 |   351 |    18 ||   559
Block: Buckler           |       |       |    29 |     4 ||    33

Table legend: (Time is in decaauts)
 A = Elapsed time spent in this place.
 B = Non-inter-level travel time spent in this place.
 C = Inter-level travel time spent in this place.
 D = Time resting spent in this place.
 E = Time spent auto-exploring this place.
 F = Levels seen in this place.
 G = Mean time per level.
                   A        B        C        D        E       F      G
               +--------+--------+--------+--------+--------+-----+--------+
         Total |  11092 |  10577 |    515 |   3074 |   5813 |   8 | 1386.5 |
       Dungeon |  10552 |  10075 |    477 |   3074 |   5328 |   7 | 1507.4 |
        Temple |    539 |    501 |     38 |      0 |    485 |   1 |  539.0 |
               +--------+--------+--------+--------+--------+-----+--------+

Top non-repeatable levels by time:
     D:5: 2479 daAuts
     D:2: 2194 daAuts
     D:6: 1698 daAuts
     D:4: 1486 daAuts
     D:3: 1475 daAuts
     D:1: 1080 daAuts
  Temple: 539 daAuts
     D:7: 139 daAuts
